 Dungeon Sprint DCSS version 0.31-a0-1-g4198be8af4 (webtiles) character file.

Game seed: 17150741737680170143

1333 rocky1 the Geomancer (level 8, -1/51 HPs)
             Began as a Deep Elf Earth Elementalist on May 1, 2023.
             Was a High Priest of Sif Muna.
             Slain by a vampire mosquito (12 damage)
             ... in the Dungeon (Sprint VII: "The Pits").
             The game lasted 00:04:05 (756 turns).

rocky1 the Geomancer (Deep Elf Earth Elementalist)   Turns: 756, Time: 00:04:06

Health: -1/51      AC:  2    Str:  5    XL:     8   Next: 34%
Magic:  4/25       EV: 12    Int: 23    God:    Sif Muna [*****.]
Gold:   0          SH:  0    Dex: 15    Spells: 23/29 levels left

rFire   . . .        k - +1 quarterstaff (speed)
rCold   . . .        (shield currently unavailable)
rNeg    . . .        a - +0 robe
rPois   .            (no helmet)
rElec   .            (no cloak)
rCorr   .            (no gloves)
SInv    .            (no boots)
Will    .....        (no amulet)
Stlth   ++           (no ring)
HPRegen 0.28/turn    (no ring)
MPRegen 0.19/turn

%: no teleportation
@: no status effects
A: no striking features
a: Renounce Religion, Channel Magic, Forget Spell, Divine Exegesis


You were in the Dungeon.
You worshipped Sif Muna.
Sif Muna was extremely pleased with you.
You visited 1 branch

Inventory:

Hand Weapons
 k - a +1 quarterstaff of speed (weapon)
Armour
 a - a +0 robe (worn)
Scrolls
 i - 5 scrolls of amnesia
Potions
 b - 5 potions of magic
 c - 6 potions of curing
 d - 4 potions of heal wounds
 e - a potion of haste
 f - 3 potions of berserk rage
 h - 2 potions of invisibility


   Skills:
 + Level 5.6 Fighting
 - Level 2.4 Dodging
 - Level 2.4 Stealth
 + Level 11.0 Spellcasting
 - Level 7.6 Conjurations
 + Level 4.5 Translocations
 - Level 1.1 Transmutations
 - Level 11.2 Earth Magic
 + Level 9.0 Invocations


You had 23 spell levels left.
You knew the following spells:

 Your Spells              Type           Power      Damage    Failure   Level
a - Sandblast             Erth           100%       2d20      1%          1
b - Stone Arrow           Conj/Erth      100%       3d13      1%          3
c - Blink                 Tloc           66%        N/A       1%          2

Your spell library contained the following spells:

 Spells                   Type           Power      Damage    Failure   Level
 Lesser Beckoning         Tloc           66%        N/A       1%          2
 Momentum Strike          Conj/Tloc      80%        3d10      1%          2
 Passwall                 Tmut/Erth      34%        N/A       1%          2
 Petrify                  Tmut/Erth      41%        N/A       4%          4


Dungeon Overview and Level Annotations

Branches:
Dungeon (1/1)

Altars:
Ashenzari
Cheibriados
Dithmenos
Elyvilon
Fedhas
Gozag
Hepliaklqana
Kikubaaqudgha
Makhleb
Nemelex Xobeh
Okawaru
Qazlal
Ru
Sif Muna
Trog
Uskayaw
Vehumet
Wu Jian
Xom
Yredelemnul
Zin
The Shining One
Jiyva
Lugonu


Message History

Your Translocations skill increases to level 4!
Your Invocations skill increases to level 9!
Something bites your small abomination but does no damage.
A vampire mosquito comes into view.
Your small abomination hits the vampire mosquito.
The vampire mosquito bites your small abomination!
Your small abomination is destroyed!
Your small abomination dissolves into shadows!
Your small abomination closely misses the vampire mosquito.
The vampire mosquito bites your small abomination but does no damage.
Your small abomination dissolves into shadows!
The vampire mosquito bites you!
The vampire mosquito draws strength from your injuries!
Aiming: Stone Arrow (safe; 1% risk of failure)
Press: ? - help, Q - select action, (/) - cycle Shift-Dir - straight line, f - vampire mosquito
Aim: a vampire mosquito (lightly damaged, 63% to hit)
The stone arrow misses the vampire mosquito.
The vampire mosquito bites you!
The vampire mosquito draws strength from your injuries!
The vampire mosquito bites you!
* * * LOW HITPOINT WARNING * * *
The vampire mosquito draws strength from your injuries!
You feel much better. The vampire mosquito bites you!
The vampire mosquito draws strength from your injuries!
The vampire mosquito closely misses you.
Aiming: Stone Arrow (safe; 1% risk of failure)
Press: ? - help, Q - select action, (/) - cycle Shift-Dir - straight line, f/p - vampire mosquito
Aim: a vampire mosquito (63% to hit)
The stone arrow hits the vampire mosquito!
The vampire mosquito is severely damaged.
The vampire mosquito bites you but does no damage. x2
Aiming: Stone Arrow (safe; 1% risk of failure)
Press: ? - help, Q - select action, (/) - cycle Shift-Dir - straight line, f/p - vampire mosquito
Aim: a vampire mosquito (severely damaged, 63% to hit)
The stone arrow misses the vampire mosquito.
The vampire mosquito bites you!
* * * LOW HITPOINT WARNING * * *
The vampire mosquito draws strength from your injuries!
The vampire mosquito bites you!
You die...

#.##)#..#'###...<...#
#.#........##.......#
#.#........##.......#
#'###########.......#
#.......# #########
#.......# ###
#...#...# ...#
#).###..#+#....#
#..)#...#@y....+
#.......#'#....#
#......†')# ...#
########### ###


You could see a vampire mosquito.

Vanquished Creatures
  Prince Ribbit (D)
  A flying skull (D)
  A floating eye (D)
  3 wights (D)
  A jelly (D)
  A gnoll bouda (D)
  5 gnolls (D)
  An adder (D)
  An ufetubus (D)
  A ball python (D)
  2 endoplasms (D)
  4 quokkas (D)
  A bat (D)
23 creatures vanquished.

Vanquished Creatures (collateral kills)
  A snapping turtle (D)
  A wyvern (D)
  A fire bat (D)
  A vampire mosquito (D)
4 creatures vanquished.

Grand Total: 27 creatures vanquished

Notes
Turn   | Place    | Note
-------+----------+-------------------------------------------
     0 | D        | rocky1 the Deep Elf Earth Elementalist began the quest for
                  | the Orb.
     0 | D        | Reached XP level 1. HP: 10/10 MP: 6/6
    11 | D        | Noticed a floating eye
    13 | D        | Killed a floating eye
    14 | D        | Reached skill level 5 in Spellcasting
    14 | D        | Reached XP level 2. HP: 15/15 MP: 4/10
    14 | D        | Reached XP level 3. HP: 19/19 MP: 4/12
    14 | D        | Reached XP level 4. HP: 24/24 MP: 4/13
    86 | D        | Learned a level 3 spell: Stone Arrow
   108 | D        | Found a bloodstained altar of Trog.
   108 | D        | Found a shimmering blue altar of Sif Muna.
   108 | D        | Found a viscous altar of Jiyva.
   108 | D        | Found a hazy altar of Hepliaklqana.
   108 | D        | Found an opulent altar of Gozag.
   109 | D        | Found a glowing golden altar of the Shining One.
   109 | D        | Found a glowing silver altar of Zin.
   109 | D        | Found a basalt altar of Yredelemnul.
   109 | D        | Found a shimmering altar of Xom.
   109 | D        | Found an ornate altar of the Wu Jian Council.
   109 | D        | Found a sacrificial altar of Ru.
   109 | D        | Found a stormy altar of Qazlal.
   109 | D        | Found an iron altar of Okawaru.
   109 | D        | Found a sparkling altar of Nemelex Xobeh.
   109 | D        | Found a burning altar of Makhleb.
   109 | D        | Found a blossoming altar of Fedhas.
   109 | D        | Found a white marble altar of Elyvilon.
   109 | D        | Found a shadowy altar of Dithmenos.
   109 | D        | Found a snail-covered altar of Cheibriados.
   112 | D        | Found a corrupted altar of Lugonu.
   112 | D        | Found a radiant altar of Vehumet.
   113 | D        | Found an ancient bone altar of Kikubaaqudgha.
   113 | D        | Found a hide-covered altar of Uskayaw.
   113 | D        | Found a broken altar of Ashenzari.
   114 | D        | Became a worshipper of Sif Muna the Loreminder
   131 | D        | Reached * piety under Sif Muna
   176 | D        | Reached ** piety under Sif Muna
   182 | D        | Reached skill level 1 in Fighting
   182 | D        | Reached XP level 5. HP: 17/29 MP: 9/16
   184 | D        | Reached *** piety under Sif Muna
   185 | D        | Reached skill level 5 in Conjurations
   185 | D        | Reached skill level 5 in Invocations
   431 | D        | Noticed Prince Ribbit
   431 | D        | Noticed a flying skull
   436 | D        | Reached **** piety under Sif Muna
   438 | D        | Killed a flying skull
   439 | D        | Reached XP level 6. HP: 19/37 MP: 1/19
   562 | D        | Killed Prince Ribbit
   563 | D        | Reached skill level 10 in Earth Magic
   563 | D        | Reached XP level 7. HP: 42/42 MP: 13/21
   597 | D        | Reached ***** piety under Sif Muna
   663 | D        | Received a gift from Sif Muna
   668 | D        | Learned a level 2 spell: Blink
   724 | D        | Noticed a snapping turtle
   734 | D        | Killed a snapping turtle
   735 | D        | Reached skill level 10 in Spellcasting
   744 | D        | Noticed a fire bat
   744 | D        | Noticed a vampire mosquito
   744 | D        | Noticed a wyvern
   747 | D        | Killed a fire bat
   747 | D        | Killed a vampire mosquito
   748 | D        | Reached skill level 5 in Fighting
   748 | D        | Reached XP level 8. HP: 44/49 MP: 17/24
   756 | D        | Slain by a vampire mosquito

Illustrated notes

Levels and vault maps discovered:
D:        pitsprint [storerooms_1, entrance_room_1, metal_vault_2, armoury_3,
          mini_pit_1, grid_room_1, main_hall_1, silver_pit, the_coven_3,
          the_vestibule_1, steel_vault_5, golden_pit, hallway_of_sentries,
          crystal_vault_4, iron_vault_4, final_vault]

Skill      XL: |  1  2  3  4  5  6  7  8 |
---------------+-------------------------+-----
Spellcasting   | 5 6 8 9 10 11 | 11.0
Conjurations   | 4 6 7 |  7.6
Earth Magic    | 7 9 10 11 | 11.2
Invocations    | 4 6 7 8 9 |  9.0
Fighting       | 1 3 5 |  5.6
Translocations | 3 4 |  4.5
Dodging        | |  2.4
Stealth        | |  2.4
Transmutations | |  1.1

Action                     |  1- 3 |  4- 6 |  7- 9 || total
---------------------------+-------+-------+-------++-------
   Cast: Sandblast         |     2 |    24 |       ||    26
         Stone Arrow       |       |     6 |    14 ||    20
    Use: Scroll            |       |       |     2 ||     2
         Potion            |       |       |     2 ||     2
 Armour: Robe              |       |     3 |     2 ||     5
  Dodge: Dodged            |       |    12 |     2 ||    14

Table legend: (Time is in decaauts)
 A = Elapsed time spent in this place.
 B = Non-inter-level travel time spent in this place.
 C = Inter-level travel time spent in this place.
 D = Time resting spent in this place.
 E = Time spent auto-exploring this place.
 F = Levels seen in this place.
 G = Mean time per level.
                   A        B        C        D        E       F      G
               +--------+--------+--------+--------+--------+-----+--------+
         Total |    768 |    748 |     20 |    526 |      0 |   1 |  768.0 |
       Dungeon |    768 |    748 |     20 |    526 |      0 |   1 |  768.0 |
               +--------+--------+--------+--------+--------+-----+--------+

Top non-repeatable levels by time:
       D: 768 daAuts
